Map: Kairos Junction LE

Players

StixZadinia

  • Race: Zerg Zerg
  • League: Diamond
  • Spawn Location: 11:00

DarwinAwdWnr - Winner!

  • Race: Zerg Zerg
  • League: Platinum
  • Spawn Location: 5:00

VOD

Have the link to the VOD?

Description

Time

  • Played on: June 29, 2019, 4:43 p.m.
  • Length: 8:35
Show
View Real Time Build Order
Export as new Build Order

StixZadinia Zerg 

Build Orders: Hatch First 

Get SALT Encoding   

  12  0:01  Drone  
  13  0:08  Drone  
  14  0:17  Overlord  
  14  0:35  Drone  
  14  0:36  Drone x2  
  17  0:49  Drone  
  18  0:59  Hatchery  
  18  1:00  Drone  
  18  1:04  Extractor  
  17  1:16  Spawning Pool  
  17  1:18  Drone  
  17  1:21  Drone  
  18  1:30  Drone  
  19  1:40  Overlord  
  19  2:03  Queen  
  19  2:04  Zergling x4  
  23  2:11  Queen  
  23  2:13  Drone x2  
  27  2:16  Metabolic Boost  
  28  2:22  Drone  
  28  2:28  Drone  
  29  2:49  Drone x4  
  33  2:56  Queen  
  35  3:02  Roach Warren  
  34  3:08  Evolution Chamber  
  34  3:11  Evolution Chamber, Drone x3  
  34  3:12  Overlord  
  35  3:19  Drone  
  36  3:29  Overlord  
  36  3:42  Roach x4  
  36  3:43  Overlord x2  
  44  3:59  Drone x3  
  44  4:01  Lair  
  47  4:03  Extractor  
  47  4:08  Drone x2  
  47  4:09  Drone x3  
  51  4:11  Drone  
  52  4:48  Roach x8  
  68  5:05  Hatchery  
  67  5:20  Glial Reconstitution  
  67  5:22  Overlord x3  
  67  5:25  Extractor  
  67  5:26  Extractor  
  63  6:01  Drone x11  
  74  6:05  Zerg Missile Weapons Level 1  
  74  6:27  Roach  
  74  6:30  Roach x4  
  84  6:35  Roach  
  84  6:39  Roach  
  86  6:42  Roach  
  88  6:51  Zergling x4  
  88  6:53  Overlord x5  
  90  7:01  Overlord x3  
  90  7:13  Ravager  
  90  7:14  Ravager  
  90  7:15  Ravager  
  93  7:17  Drone x5  
  93  7:18  Drone  
  93  7:20  Extractor  
  93  7:21  Extractor  
  97  7:28  Roach Warren  
  76  7:38  Roach x2  
  76  7:39  Roach x4  
  78  7:48  Roach x2  
  73  7:52  Zergling x6  
  73  7:55  Roach  
  58  8:08  Roach x2  
  56  8:14  Roach  
Show
View Real Time Build Order
Export as new Build Order

DarwinAwdWnr Zerg - Winner!

Build Orders: Hatch First 

Get SALT Encoding   

  12  0:01  Drone  
  13  0:09  Drone  
  14  0:17  Overlord  
  14  0:35  Drone  
  14  0:36  Drone  
  16  0:50  Hatchery  
  16  0:54  Drone  
  16  0:56  Drone  
  17  1:01  Drone  
  18  1:07  Extractor  
  18  1:09  Drone  
  18  1:19  Spawning Pool  
  18  1:23  Drone  
  18  1:33  Drone  
  19  1:42  Drone  
  20  1:50  Overlord  
  20  2:06  Zergling x2  
  20  2:07  Zergling x2, Queen x2  
  26  2:25  Drone  
  27  2:32  Drone x2  
  27  2:33  Hatchery  
  27  2:34  Drone  
  29  2:47  Drone x4  
  33  3:03  Zergling x2  
  33  3:04  Zergling x2  
  35  3:06  Baneling Nest  
  34  3:17  Queen  
  34  3:19  Overlord  
  36  3:35  Overlord  
  36  3:37  Queen  
  36  3:40  Overlord  
  38  3:43  Drone x3  
  38  3:44  Drone x2  
  43  3:51  Drone x3  
  46  3:59  Drone x3  
  47  4:34  Lair  
  47  4:35  Overlord x2  
  47  4:36  Roach Warren  
  46  5:01  Zergling x2  
  46  5:02  Zergling x18  
  55  5:17  Roach x5  
  65  5:26  Metabolic Boost  
  65  5:32  Glial Reconstitution  
  65  5:33  Roach  
  65  5:34  Roach x6  
  76  5:43  Roach  
  71  5:55  Extractor  
  71  5:56  Extractor  
  69  6:00  Extractor  
  69  6:02  Zergling x14  
  75  6:13  Overlord  
  75  6:14  Overlord x4  
  75  6:23  Overlord x2  
  75  6:35  Roach x5  
  84  7:00  Roach x7  
  100  7:08  Roach x2  
  100  7:09  Roach x2  
  106  7:25  Roach x5  
  106  7:29  Roach  
  110  7:35  Roach x2  
  101  7:40  Roach  
  101  7:41  Roach x2  
  93  7:49  Roach x5  
  89  8:05  Roach x2  
  89  8:10  Roach x2  
  89  8:11  Roach x3  
  93  8:14  Roach x3  
Tags
 
Add a new tag
Caveats
  • Supply blocks, unpowered buildings, or Contaminate may cause inaccurate times.
  • Supply counts are checked every 10 seconds.